 Dungeon Crawl Stone Soup version 0.27.1-15-g792fb953b9 (webtiles) character file.

Game seed: 10930560706588541501

93 MisterFreud the Skirmisher (level 4, 0/67 HPs)
             Began as a Minotaur Abyssal Knight on Nov 18, 2021.
             Was a Believer of Lugonu.
             Succumbed to Ijyb's poison
             ... on level 3 of the Dungeon.
             The game lasted 00:02:22 (2028 turns).

MisterFreud the Skirmisher (MiAK)                   Turns: 2028, Time: 00:02:22

Health: 0/67       AC: 22    Str: 17    XL:     4   Next: 37%
Magic:  4/4        EV:  2    Int:  9    God:    Lugonu [**....]
Gold:   77         SH:  0    Dex: 12    Spells: 3/3 levels left

rFire    . . .     SeeInvis .   a - +1 falchion
rCold    . . .     Faith    .   (no shield)
rNeg     + + +     Spirit   .   (armour currently unavailable)
rPois    +         Reflect  .   (helmet unavailable)
rElec    .         Harm     .   (cloak currently unavailable)
rCorr    .         Rampage  .   (gloves currently unavailable)
Will     .....     NoTele   +   (boots currently unavailable)
Stlth    +.........             (no amulet)
HPRegen  0.21/turn              h - ring of poison resistance
MPRegen  0.09/turn              (no ring)

@: lethally poisoned (0 -> -8), tree-form
A: stationary, stasis, torment immunity, boosted hp, (horns 3), (retaliatory
headbutt), agile 1
a: Renounce Religion, Depart the Abyss, Bend Space


You were on level 3 of the Dungeon.
You worshipped Lugonu.
Lugonu was pleased with you.
You were a tree.
You visited 1 branch of the dungeon, and saw 3 of its levels.
You visited the Abyss 1 time.

You collected 77 gold pieces.

Inventory:

Hand Weapons
 a - a +1 falchion (weapon)
Missiles
 g - 38 poisoned darts
 i - 6 atropa-tipped darts
Armour
 b - a +0 leather armour
 r - a +0 chain mail (melded)
Jewellery
 h - a ring of poison resistance (left branch)
 j - a ring of wizardry
Scrolls
 c - a scroll of fog {unknown}
 e - 2 scrolls of amnesia {unknown}
 k - 2 scrolls of identify {unknown}
 l - a scroll of magic mapping {unknown}
 m - 2 scrolls of teleportation {unknown}
 n - a scroll of enchant armour {unknown}
 q - a scroll of vulnerability {unknown}
Potions
 f - a potion of curing
 s - a potion of brilliance {unknown}


   Skills:
 + Level 6.3 Fighting
 - Level 2.4 Long Blades
 - Level 2.4 Armour
 - Level 1.1 Dodging
 - Level 1.7 Invocations


You had 3 spell levels left.
You didn't know any spells.
Your spell library contained the following spells:

 Spells                   Type           Power      Damage    Failure   Level
 Corpse Rot               Necr/Air       N/A        N/A       52%         2
 Dispel Undead            Necr           0%         3d6       99%         4
 Death Channel            Necr           0%         N/A       100%        6


Dungeon Overview and Level Annotations

Branches:
Dungeon (3/15)

Altars:

Annotations:
D:3 Grinder, Ijyb


Innate Abilities, Weirdness & Mutations

You are a tree.
Your roots penetrate the ground, keeping you stationary.
You cannot be teleported.
You are immune to unholy pain and torment.
Your maximum health is greatly increased.
Your equipment is partially melded.
((You have a pair of large horns on your head.))
((You reflexively headbutt those who attack you in melee.))
You are agile. (Dex +2)


Message History

Ijyb is almost dead.
Ijyb hits you but does no damage.
You barely miss Ijyb.
Ijyb is almost dead.
Ijyb hits you with a +2 dagger of venom.
* * * LOW HITPOINT WARNING * * *
Ijyb hits you with a +2 dagger of venom.
* * * LOW HITPOINT WARNING * * *
You hit Ijyb.
Ijyb is almost dead.
Ijyb hits you but does no damage.
You are poisoned.
You hit Ijyb but do no damage.
Ijyb is almost dead.
You feel very sick. Ijyb hits you but does no damage.
Unknown command.
You barely miss Ijyb.
Ijyb is almost dead.
You feel sick. Ijyb hits you but does no damage.
You hit Ijyb but do no damage.
Ijyb is almost dead.
You feel sick. Ijyb hits you but does no damage.
You closely miss Ijyb.
Ijyb is almost dead.
You feel sick. Ijyb hits you but does no damage. Ijyb screams, "Me kill you!"
Ijyb hits you but does no damage.
You hit Ijyb but do no damage.
Ijyb is almost dead.
You feel sick. Ijyb hits you but does no damage.
You are lethally poisoned!
You barely miss Ijyb.
Ijyb is almost dead.
* * * LOW HITPOINT WARNING * * *
You feel very sick. Ijyb hits you but does no damage.
You closely miss Ijyb.
Ijyb is almost dead.
You die...

####..#.#### ##......##
##.......## ####.........#
#............# ###
######............# #.#####
#......#..........##
#.....####.....##....<.....#
#####...##.....♣g†........##
####.#......##.........#
#####......#....##.........#
......##.###....##.........#
#####........#####.......>.#
.............# ##.......##
#####........# ##...).##
########## #######


You could see Ijyb.

Vanquished Creatures
  A jelly (D:3)
  2 worms (D:2)
  A dart slug (D:1)
  4 endoplasms
  A giant cockroach (D:2)
  5 goblins
  6 hobgoblins
  6 jackals (D:1)
  4 kobolds
  2 quokkas
  3 ball pythons
  4 bats
  2 frilled lizards
  8 rats
49 creatures vanquished.

Notes
Turn   | Place    | Note
-------+----------+-------------------------------------------
     0 | Abyss:1  | MisterFreud the Minotaur Abyssal Knight began the quest for
                  | the Orb.
     0 | Abyss:1  | Reached XP level 1. HP: 19/19 MP: 1/1
    46 | Abyss:1  | Noticed a starcursed mass
    47 | D:1      | Escaped the Abyss
    94 | D:1      | Found a faded altar of an unknown god.
   100 | D:1      | Reached skill level 4 in Fighting
   107 | D:1      | Reached * piety under Lugonu
   219 | D:1      | Reached XP level 2. HP: 28/28 MP: 2/2
   667 | D:1      | Reached skill level 5 in Fighting
   893 | D:1      | Reached XP level 3. HP: 34/36 MP: 3/3
  1722 | D:3      | Noticed Grinder
  1759 | D:3      | Reached ** piety under Lugonu
  1764 | D:3      | Reached skill level 6 in Fighting
  1764 | D:3      | Reached XP level 4. HP: 28/44 MP: 4/4
  1969 | D:3      | Noticed Ijyb
  1971 | D:3      | Paralysed by Ijyb for 7 turns
  1983 | D:3      | Paralysed by Ijyb for 5 turns
  1991 | D:3      | Paralysed by Ijyb for 6 turns
  2003 | D:3      | Gained mutation: You are agile. (Dex +2) [potion of
                  | mutation]
  2003 | D:3      | Gained mutation: You have a pair of large horns on your
                  | head. [potion of mutation]
  2010 | D:3      | Paralysed by Ijyb for 6 turns
  2027 | D:3      | HP: 3/67 [poisoned by Ijyb]
  2028 | D:3      | Succumbed to Ijyb's poison

Illustrated notes

Levels and vault maps discovered:
D:1:      dpeg_arrival_lava_temple_mockup, layout_loops_corners,
          hellmonk_ecumenical_altar_arch_garden, roderic_filled_cross
D:2:      layout_rooms, roderic_roman_lattice, minmay_distorted
D:3:      layout_rooms, minmay_misc_feat_x, chequers_serial_rivers_large_b,
          uniq_ijyb, uniq_grinder, uniq_crazy_yiuf_cottage, uniq_natasha

Skill      XL: |  1  2  3 |
---------------+----------+-----
Fighting       | 4 5 6 |  6.3
Long Blades    | |  2.4
Armour         | |  2.4
Dodging        | |  1.1
Invocations    | |  1.7

Action                   |  1- 3 |  4- 6 || total
-------------------------+-------+-------++-------
Melee: Falchion          |    78 |    21 ||    99
       Headbutt          |    10 |       ||    10
Invok: Depart the Abyss  |     1 |       ||     1
  Use: Potion            |       |     5 ||     5
Armor: Leather armour    |    16 |       ||    16
       Chain mail        |     2 |    20 ||    22
       Skin              |       |    14 ||    14
Dodge: Dodged            |    47 |     6 ||    53
       Rpst.: Falchion   |    13 |     1 ||    14
